 Dungeon Crawl Stone Soup version 0.30.0-29-ga12c61a403 (webtiles) character file.

Game seed: 5128614760583232518

235 Daunt the Trooper (level 5, 0/50 HPs)
             Began as an Armataur Transmuter on June 20, 2023.
             Was an Initiate of Ru.
             Killed from afar by an orc wizard (6 damage)
             ... with a puff of flame
             ... on level 3 of the Dungeon.
             The game lasted 00:11:24 (2551 turns).

Daunt the Trooper (Armataur Transmuter)             Turns: 2551, Time: 00:11:25

Health: 0/50       AC:  6    Str: 10 (16) XL:     5   Next: 76%
Magic:  7/7        EV:  9    Int: 13      God:    Ru [......]
Gold:   192        SH:  0    Dex: 10 (12) Spells: 6/7 levels left

rFire   . .          .
                       - Unarmed
rCold   . . .        (no shield)
rNeg    . . .        a - +0 robe
rPois   .            m - +1 helmet
rElec   .            (no cloak)
rCorr   .            (no gloves)
SInv    .            (no barding)
Will    .....        (no amulet)
Stlth   ++           (no ring)
HPRegen 0.28/turn    (no ring)
MPRegen 0.10/turn

%: roll
@: no status effects
A: large, rugged brown scales 3, deformed body, armoured tail, roll, long
tongue, awkward tongue
a: Renounce Religion


You were on level 3 of the Dungeon.
You worshipped Ru.
Ru was noncommittal.
You visited 1 branch of the dungeon, and saw 3 of its levels.

You collected 192 gold pieces.

Inventory:

Hand Weapons
 b - a +0 sling
 e - a +0 whip
 i - a +0 short sword
 q - a +0 vampiric whip
Missiles
 h - 26 stones
 n - 10 poisoned darts
Armour
 a - a +0 robe (worn)
 c - a +0 ring mail
 d - a +0 leather armour
 m - a +1 helmet (worn)
Scrolls
 g - a scroll of enchant weapon {unknown}
 o - 2 scrolls of fog {unknown}
 s - a scroll of brand weapon {unknown}
 t - 3 scrolls of identify {unknown}
Potions
 f - a potion of brilliance {unknown}
 l - a potion of magic {unknown}
 p - a potion of might {unknown}
 r - a potion of lignification
 u - a potion of haste {unknown}


   Skills:
 + Level 4.8 Fighting
 - Level 1.3 Dodging
 * Level 2.4 Stealth
 - Level 2.6 Unarmed Combat
 - Level 1.7 Spellcasting
 - Level 1.7 Transmutations


You had 6 spell levels left.
You knew the following spells:

 Your Spells              Type           Power      Damage    Failure   Level
a - Beastly Appendage     Tmut           10%        N/A       13%         1

Your spell library contained the following spells:

 Spells                   Type           Power      Damage    Failure   Level
 Wereblood                Tmut           5%         N/A       19%         2
 Blink                    Tloc           2%         N/A       36%         2
 Lesser Beckoning         Tloc           2%         N/A       36%         2
 Momentum Strike          Conj/Tloc      2%         3d8       36%         2
 Spider Form              Tmut/Pois      3%         N/A       50%         3
 Stone Arrow              Conj/Erth      2%         3d7       61%         3
 Ice Form                 Ice/Tmut       3%         N/A       88%         4
 Animate Armour           Summ/Erth      2%         N/A       95%         4
 Lehudib's Crystal Spear  Conj/Erth      0%         10d2      100%        8


Dungeon Overview and Level Annotations

Branches:
Dungeon (3/15)

Altars:
Qazlal
Ru


Innate Abilities, Weirdness & Mutations

You are completely covered in rugged brown scales. (AC +3, +7% HP)
Armour fits poorly on your strangely shaped body.
You have a long armoured tail.
You roll when moving toward enemies. (Rampage)
Your long tongue fully drains potion bottles. (2x potion effects)
Your tongue gives you trouble enunciating. (1.5x scroll delay)


Message History

You hit something. Something hits you but does no damage.
You hit something. Something hits you.
You completely miss something. Something hits you.
You hit something. Something hits you but does no damage.
You closely miss something.
Your tail-slap misses something.
Something hits you but does no damage.
You hit something. Something hits you.
You miss something. Your punch misses something. Something hits you.
You closely miss something. Something hits you.
You barely miss something.
Your tail-slap misses something.
You hear some strange, mumbled words.
A puff of flame appears from out of thin air!
The puff of flame hits you.
* * * LOW HITPOINT WARNING * * *
You closely miss something.
You hear some strange, mumbled words.
A magic dart appears from out of thin air!
The magic dart hits you.
* * * LOW HITPOINT WARNING * * *
You hit something but do no damage. Something hits you but does no damage.
You barely miss something. Something completely misses you.
You closely miss something.
Your tail-slap misses something.
You hear some strange, mumbled words.
A magic dart appears from out of thin air!
The magic dart hits you.
* * * LOW HITPOINT WARNING * * *
You hit something but do no damage. Something hits you but does no damage.
You hit something. Something hits you but does no damage.
You closely miss something. You tail-slap something.
Your punch misses something. Something hits you but does no damage.
You barely miss something.
You hear some strange, mumbled words.
A magic dart appears from out of thin air!
The magic dart hits you.
* * * LOW HITPOINT WARNING * * *
You miss something.
You hear some strange, mumbled words.
A puff of flame appears from out of thin air!
The puff of flame hits you.
You die...

##...#.# #...#.#
#.....# ## #.#...#
#S #.#...# #+###+#
#.
#.#...######.....#
#.
..#........#.###.#
#. #
#.####.###..)..###
.r #.#
#..{@.._..'.# ..
#.#####.##)....#.#
o..
#........#)###.#
.. ..o
####.....#.....#
... #....##'###'#
.. #....##.. .. #
#....##.. #.
#....##...
#....###..


There were no monsters in sight!

Vanquished Creatures
  An orc priest (D:3)
  4 orc wizards (D:3)
  2 adders
  2 worms
  A dart slug (D:1)
  10 orcs (D:3)
  6 endoplasms
  A giant cockroach (D:3)
  5 goblins
  5 hobgoblins
  5 jackals (D:1)
  7 ball pythons
  6 bats
  3 frilled lizards
  9 kobolds
  5 rats
72 creatures vanquished.

Notes
Turn   | Place    | Note
-------+----------+-------------------------------------------
     0 | D:1      | Daunt the Armataur Transmuter began the quest for the Orb.
     0 | D:1      | Reached XP level 1. HP: 16/16 MP: 3/3
    30 | D:1      | Noticed an electric eel
    31 | D:1      | Noticed an electric eel
    63 | D:1      | Reached skill level 1 in Fighting
   164 | D:1      | Reached XP level 2. HP: 25/25 MP: 2/4
   243 | D:1      | Reached skill level 2 in Fighting
   656 | D:1      | Reached XP level 3. HP: 32/32 MP: 3/5
   927 | D:2      | Reached skill level 3 in Fighting
  1465 | D:2      | Found a sacrificial altar of Ru.
  1633 | D:2      | Became a worshipper of Ru the Awakened
  1754 | D:3      | Reached XP level 4. HP: 28/40 MP: 4/6
  1789 | D:3      | Reached skill level 4 in Fighting
  2229 | D:3      | Reached XP level 5. HP: 7/50 MP: 5/7
  2417 | D:3      | Found a stormy altar of Qazlal.
  2490 | D:3      | Reached skill level 1 in Stealth
  2551 | D:3      | Killed from afar by an orc wizard

Illustrated notes

Levels and vault maps discovered:
D:1:      arrival_aquarium_b, layout_rooms, minmay_gold_behind_fungi
D:2:      layout_basic, basic_altar
D:3:      lemuel_castle_with_subvaults [lemuel_castle_interior_carwin_2],
          layout_basic, mainiacjoe_overflow_six_doors_small

Skill      XL: |  1  2  3  4  5 |
---------------+----------------+-----
Fighting       | 1 2 3 4 |  4.8
Stealth        | 2 |  2.4
Dodging        | |  1.3
Unarmed Combat | |  2.6
Spellcasting   | |  1.7
Transmutations | |  1.7

Action                     |  1- 3 |  4- 6 || total
---------------------------+-------+-------++-------
  Melee: Unarmed           |   136 |   142 ||   278
         Kick              |    15 |     7 ||    22
         Tailslap          |    13 |     8 ||    21
         Headbutt          |    11 |     8 ||    19
         Punch             |     2 |     2 ||     4
   Fire: Sling             |       |    19 ||    19
   Cast: Beastly Appendage |    18 |     6 ||    24
    Use: Potion            |       |     5 ||     5
   Stab: Sleeping          |     1 |       ||     1
 Armour: Robe              |    51 |    46 ||    97
         Skin              |       |    31 ||    31
  Dodge: Dodged            |    64 |    29 ||    93
